AoeStats
← KG.专业开脑壳

Black Forest

508420142Analyzed
3v3 RM · 9d ago on Sep 22, 2026· 43m 41s· 6 players
Game mode
Random Map
Map size
Normal (6 player)
Population
200
Speed
Normal
Resources
Standard
Victory
Conquest
Starting age
Dark Age
Ending age
Imperial Age
RankedLock teamsTeams togetherTeam positionsShared explorationLock speedFull tech treeHidden civsTurbo modeCheats
Victory
Defeat
🇹🇼 Portuguese · Taiwan
1127
+12
🇬🇧 Celts · United Kingdom
1106
+13
🇨🇳 Italians · China
1096
+14
🇨🇳 Chinese · China
1084
-15
🇨🇳 Burgundians · China
1026
-25
🇨🇳 Malay · China
1026
-25
KG.专业开脑壳
1:50 Loom
12:21 Feudal Age
16:57 Castle Age
15:28 Double-Bit Axe
16:04 Horse Collar
18:22 Wheelbarrow
19:06 Bow Saw
20:17 Heavy Plow
24:49 Gold Mining
25:09 Town Watch
30:05 Imperial Age
28:10 Stone Mining
28:38 Scale Mail Armor
29:43 Stone Shaft Mining
29:47 Forging
30:46 Chain Mail Armor
30:38 Arson
30:53 Squires
32:19 Two-Man Saw
32:07 Iron Casting
33:05 Chemistry
33:21 Plate Mail Armor
33:41 Conscription
34:04 Hand Cart
35:26 Blast Furnace
35:31 Crop Rotation
35:30 Treadmill Crane
35:53 Town Patrol
36:09 Scale Barding Armor
37:00 Caravan
39:09 Chain Barding Armor
40:41 Plate Barding Armor
39:30 Light Cavalry
40:21 Bloodlines
40:11 Husbandry
42:46 Padded Archer Armor
42:36 Fletching
42:59 Masonry
43:32 Hussar
Jason
1:53 Loom
11:51 Feudal Age
18:46 Castle Age
18:31 Double-Bit Axe
18:48 Horse Collar
23:09 Wheelbarrow
24:57 Bow Saw
25:35 Heavy Plow
26:44 Hand Cart
26:31 Town Watch
27:09 Gold Mining
27:12 Stone Mining
28:54 Stone Shaft Mining
28:55 Caravan
33:18 Imperial Age
31:37 Ballistics
33:22 Elite Organ Gun
34:53 Fortified Wall
35:20 Conscription
37:24 Siege Engineers
38:36 Two-Man Saw
38:52 Arquebus
39:08 Masonry
38:50 Guard Tower
38:43 Treadmill Crane
39:17 Murder Holes
40:28 Chemistry
41:19 Architecture
41:32 Keep
41:48 Fletching
42:02 Padded Archer Armor
42:07 Scale Barding Armor
42:03 Scale Mail Armor
42:14 Forging
42:25 Pikeman
42:53 Arson
43:14 Halberdier
Cheesepuffs1897
4:17 Loom
11:50 Feudal Age
16:14 Castle Age
14:09 Double-Bit Axe
14:50 Horse Collar
17:14 Bow Saw
17:43 Heavy Plow
19:00 Fletching
23:20 Wheelbarrow
22:47 Town Watch
23:04 Gold Mining
23:08 Stone Mining
24:32 Hand Cart
26:09 Gold Shaft Mining
27:21 Stone Shaft Mining
30:23 Imperial Age
28:07 Scale Mail Armor
28:21 Forging
29:48 Chain Mail Armor
30:09 Iron Casting
29:24 Arson
30:29 Stronghold
30:54 Elite Woad Raider
31:55 Conscription
31:00 Capped Ram
31:30 Treadmill Crane
32:28 Furor Celtica
34:05 Plate Mail Armor
35:06 Blast Furnace
34:02 Bodkin Arrow
34:22 Siege Ram
37:52 Pikeman
40:12 Hoardings
40:07 Halberdier
szsigy
3:14 Loom
10:58 Feudal Age
19:48 Castle Age
19:29 Squires
20:39 Pikeman
21:57 Stone Mining
25:16 Gold Mining
26:30 Double-Bit Axe
28:41 Wheelbarrow
28:32 Horse Collar
28:18 Man-at-Arms
30:06 Heavy Plow
33:38 Imperial Age
31:26 Forging
31:59 Gold Shaft Mining
31:59 Stone Shaft Mining
30:50 Long Swordsman
33:12 Iron Casting
33:00 Hand Cart
33:08 Bow Saw
33:56 Coinage
34:04 Conscription
33:36 Two-Handed Swordsman
34:02 Arson
34:36 Murder Holes
34:07 Halberdier
35:17 Ballistics
35:49 Forced Levy
36:56 Blast Furnace
37:06 Chemistry
37:50 Banking
38:45 Town Watch
39:23 Guilds
就墨子
0:25 Loom
11:06 Feudal Age
15:52 Castle Age
16:45 Horse Collar
25:32 Gold Mining
25:47 Heavy Plow
28:25 Coinage
31:24 Imperial Age
31:43 Stone Mining
31:44 Double-Bit Axe
32:39 Wheelbarrow
32:36 Fortified Wall
32:38 Masonry
32:55 Conscription
33:41 Gold Shaft Mining
33:49 Hand Cart
35:34 Bow Saw
36:22 Banking
35:58 Great Wall
37:00 Caravan
37:54 Stone Shaft Mining
37:42 Squires
37:05 Elite Fire Lancer
37:31 Arson
37:48 Squires
39:10 Two-Man Saw
39:14 Scale Mail Armor
39:24 Forging
43:04 Town Watch
kongjuck
13:36 Feudal Age
15:08 Wheelbarrow
14:17 Horse Collar
14:25 Double-Bit Axe
16:18 Gold Mining
16:40 Heavy Plow
16:55 Bow Saw
17:25 Stone Mining
21:00 Gold Shaft Mining
21:03 Stone Shaft Mining
24:54 Castle Age
24:57 Scale Barding Armor
25:03 Forging
27:53 Two-Man Saw
28:44 Husbandry
28:07 Cavalier
30:29 Crop Rotation
30:35 Hand Cart
31:13 Treadmill Crane
31:45 Fortified Wall
32:03 Herbal Medicine
35:40 Imperial Age
36:18 Light Cavalry
40:04 Conscription
40:09 Hussar
41:45 Paladin
Connection lost

Rejoining the realm…

Still unreachable

The connection could not be restored.

Session expired

The server has moved on; the page needs a fresh start.